Map: [ESL] Alcyone

Players

Maplez - Winner!

  • Race: Protoss Protoss
  • Spawn Location: 7:00

eGGz

  • Race: Zerg Zerg
  • Spawn Location: 1:00

Event: ESL SC2 Masters 2024 Spring (Regional)

VOD

Have the link to the VOD?

Description

Time

  • Played on: April 20, 2024, 2:18 p.m.
  • Length: 15:17

All games in this series

Show
View Real Time Build Order
Export as new Build Order

Maplez Protoss - Winner!

Build Orders: 1 Gate Expand, Oracle Opening 

Get SALT Encoding   

  12  0:00  Probe  
  13  0:12  Probe  
  14  0:18  Pylon  
  14  0:24  Probe (Chrono Boost)  
  15  0:37  Probe (Chrono Boost)  
  15  0:39  Gateway  
  16  0:44  Probe (Chrono Boost)  
  16  0:49  Assimilator  
  17  0:52  Probe  
  18  1:04  Probe  
  19  1:16  Probe  
  20  1:28  Cybernetics Core  
  20  1:37  Nexus  
  20  1:41  Probe  
  21  1:48  Pylon  
  21  1:53  Probe  
  22  1:56  Assimilator  
  22  2:04  Adept (Chrono Boost)  
  22  2:05  Probe  
  25  2:18  Probe  
  25  2:22  Stargate  
  26  2:29  Adept (Chrono Boost)  
  26  2:30  Probe  
  26  2:36  Warp Gate  
  30  2:44  Probe (Chrono Boost)  
  30  2:49  Probe (Chrono Boost)  
  30  2:51  Adept  
  35  2:58  Probe (Chrono Boost)  
  35  2:59  Probe (Chrono Boost)  
  35  3:02  Pylon  
  39  3:14  Void Ray (Chrono Boost), Probe x2  
  41  3:20  Pylon  
  41  3:26  Probe  
  41  3:27  Probe  
  43  3:30  Gateway  
  43  3:38  Probe  
  43  3:39  Probe  
  45  3:44  Oracle (Chrono Boost)  
  48  3:50  Probe  
  48  3:54  Probe  
  48  4:02  Probe  
  47  4:07  Probe  
  47  4:09  Nexus  
  48  4:10  Pylon  
  48  4:14  Oracle (Chrono Boost), Probe  
  49  4:19  Probe  
  53  4:26  Probe  
  53  4:29  Adept x2  
  58  4:32  Assimilator  
  58  4:33  Assimilator  
  58  4:38  Probe  
  59  4:42  Pylon  
  59  4:46  Twilight Council  
  59  4:47  Forge  
  59  4:49  Probe  
  59  4:50  Probe  
  61  5:00  Pylon  
  61  5:02  Probe x2  
  63  5:10  Gateway x2  
  63  5:12  Adept  
  63  5:14  Probe, Adept  
  66  5:16  Protoss Ground Weapons Level 1 (Chrono Boost)  
  66  5:17  Blink (Chrono Boost)  
  66  5:18  Probe  
  69  5:26  Probe  
  70  5:30  Probe  
  70  5:31  Probe  
  72  5:36  Shield Battery  
  72  5:38  Probe  
  72  5:40  Stalker x2  
  77  5:42  Probe  
  77  5:44  Probe  
  77  5:46  Shield Battery  
  79  5:50  Probe  
  79  5:54  Gateway  
  79  5:55  Probe  
  79  5:56  Gateway  
  81  5:58  Probe  
  81  6:02  Probe  
  83  6:08  Probe  
  83  6:10  Stalker x2, Probe  
  83  6:11  Stalker  
  85  6:14  Probe  
  84  6:21  Photon Cannon  
  84  6:24  Stalker  
  88  6:28  Pylon  
  86  6:36  Pylon  
  86  6:37  Stalker x2  
  86  6:38  Stalker  
  92  6:43  Nexus  
  92  6:58  Photon Cannon  
  92  7:00  Shield Battery  
  92  7:07  Probe  
  93  7:09  Oracle, Stalker x2  
  93  7:10  Stalker x4  
  108  7:16  Probe  
  108  7:17  Assimilator  
  108  7:19  Pylon, Assimilator  
  108  7:20  Pylon  
  109  7:28  Templar Archives, Protoss Ground Weapons Level 2 (Chrono Boost)  
  109  7:37  Probe x3  
  111  7:39  Stalker  
  111  7:40  Stalker, Gateway x2  
  116  7:46  Psionic Storm  
  116  7:49  Stalker, Probe x2  
  116  7:50  Stalker  
  116  7:51  Probe  
  123  7:56  Robotics Facility  
  123  7:59  Stalker  
  123  8:01  Probe x2  
  123  8:03  Probe  
  128  8:06  Probe  
  128  8:12  Zealot x2  
  133  8:13  Probe  
  133  8:18  Stalker x2  
  133  8:19  Stalker  
  139  8:20  Probe  
  139  8:24  Probe  
  140  8:32  Pylon  
  140  8:34  Pylon  
  140  8:37  High Templar x2  
  138  8:44  High Templar  
  138  8:50  Warp Prism (Chrono Boost)  
  138  8:53  Pylon, Forge  
  138  8:55  High Templar  
  142  8:57  Assimilator  
  142  8:58  Zealot x2, Assimilator  
  142  8:59  Zealot  
  142  9:02  Pylon  
  148  9:07  Pylon  
  148  9:08  Stalker  
  147  9:19  Stalker x6  
  155  9:39  Immortal (Chrono Boost)  
  155  9:40  Zealot x2  
  155  9:43  Nexus  
  155  9:44  Pylon, Robotics Facility  
  157  9:45  Robotics Facility  
  157  9:50  High Templar x2  
  157  10:00  Zealot x5  
  157  10:04  Protoss Ground Weapons Level 3 (Chrono Boost)  
  167  10:07  Photon Cannon  
  167  10:08  Archon  
  167  10:09  Photon Cannon  
  167  10:15  Charge (Chrono Boost)  
  167  10:17  Probe  
  167  10:19  Protoss Shields Level 1 (Chrono Boost)  
  166  10:22  Assimilator, Probe  
  166  10:23  Probe  
  166  10:26  Probe  
  169  10:30  Probe  
  169  10:31  Photon Cannon  
  169  10:32  Photon Cannon  
  169  10:33  Observer (Chrono Boost)  
  169  10:34  Probe  
  169  10:35  Observer (Chrono Boost), Probe  
  172  10:38  Probe  
  175  10:48  Immortal (Chrono Boost)  
  179  10:52  Gateway  
  179  10:54  High Templar x4, Gateway  
  179  10:55  Gateway x2  
  187  11:00  Immortal  
  187  11:02  Archon  
  187  11:03  Archon  
  189  11:07  Zealot x4  
  197  11:18  Nexus  
  193  11:23  Probe  
  193  11:24  Pylon  
  184  11:29  Pylon  
  182  11:32  Pylon  
  182  11:34  Probe  
  182  11:39  Photon Cannon x2  
  183  11:41  Immortal, Shield Battery  
  183  11:43  Immortal  
  183  11:46  Immortal  
  195  11:57  Zealot x2  
  199  12:05  Protoss Shields Level 2 (Chrono Boost)  
  198  12:10  Probe  
  199  12:19  Stargate  
  199  12:21  Fleet Beacon  
  199  12:24  Pylon  
  195  12:48  Zealot  
  195  12:49  Zealot x2  
  179  13:00  Zealot x4  
  179  13:01  Zealot  
  179  13:02  Immortal x2  
  179  13:05  Immortal  
  195  13:18  Zealot x3  
  190  13:25  Oracle (Chrono Boost)  
  174  13:29  Zealot x7  
  174  13:34  Observer, Oracle (Chrono Boost)  
  192  13:39  Zealot x3  
  198  13:43  Zealot, Photon Cannon  
  198  13:44  Zealot  
  198  13:48  Cybernetics Core  
  198  13:55  Oracle  
  187  13:56  Zealot x2  
  187  13:57  Zealot x4  
  181  14:31  Zealot x9  
  189  14:32  Nexus  
  197  14:57  Zealot x2  
  166  15:11  Zealot x4  
  166  15:12  Zealot x6  
Show
View Real Time Build Order
Export as new Build Order

eGGz Zerg 

Build Orders: Hatch First, Lurkers 

Get SALT Encoding   

  12  0:00  Drone  
  13  0:12  Overlord  
  13  0:16  Drone  
  14  0:31  Drone  
  15  0:37  Drone  
  16  0:49  Hatchery  
  15  0:51  Drone  
  15  0:55  Drone  
  17  0:59  Extractor  
  17  1:00  Drone  
  17  1:14  Spawning Pool  
  17  1:17  Drone  
  17  1:21  Drone  
  18  1:28  Drone  
  19  1:38  Drone  
  20  1:51  Overlord  
  20  2:01  Metabolic Boost  
  20  2:03  Queen  
  20  2:04  Queen  
  20  2:07  Zergling x2  
  25  2:12  Zergling x2  
  25  2:13  Zergling x2  
  25  2:15  Zergling x2  
  28  2:23  Drone  
  29  2:33  Drone x2  
  31  2:40  Zergling x2  
  32  2:47  Overlord  
  32  2:48  Queen  
  32  2:49  Drone  
  35  2:54  Drone  
  36  3:00  Overlord  
  35  3:07  Drone x2  
  35  3:10  Queen  
  35  3:11  Zergling x2  
  35  3:12  Zergling x4  
  42  3:22  Hatchery  
  41  3:27  Drone x3  
  44  3:34  Drone x2  
  46  3:42  Drone x2  
  46  3:50  Drone  
  46  3:54  Drone  
  46  4:01  Overlord  
  46  4:04  Overlord  
  46  4:10  Overlord  
  45  4:20  Baneling Nest, Drone x3  
  45  4:22  Drone  
  45  4:24  Drone  
  49  4:30  Spore Crawler  
  48  4:35  Drone x5  
  53  4:39  Drone x2  
  53  4:43  Drone x2  
  56  4:45  Spore Crawler  
  56  4:48  Drone  
  54  4:56  Drone  
  54  4:58  Drone x3  
  56  5:00  Overlord  
  56  5:07  Queen  
  56  5:09  Drone x3  
  56  5:11  Drone  
  62  5:14  Spore Crawler  
  62  5:18  Drone x4  
  62  5:19  Drone  
  66  5:23  Zergling x2  
  66  5:24  Zergling x2  
  66  5:27  Baneling x3  
  68  5:29  Evolution Chamber  
  68  5:30  Zergling x4  
  68  5:33  Drone  
  68  5:34  Extractor, Drone x3  
  72  5:36  Overlord, Extractor  
  72  5:41  Overlord  
  72  5:42  Drone x2  
  73  5:47  Lair  
  73  5:57  Drone x2  
  73  5:58  Drone  
  73  5:59  Drone x5  
  79  6:06  Zergling x6  
  79  6:18  Drone x2  
  81  6:20  Extractor  
  81  6:21  Extractor  
  81  6:23  Zerg Melee Weapons Level 1  
  79  6:26  Drone  
  79  6:27  Drone, Hatchery  
  79  6:28  Drone x2  
  79  6:29  Overlord  
  79  6:31  Drone x4  
  85  6:45  Zergling x8  
  87  6:51  Drone x2  
  87  6:52  Hydralisk Den  
  87  6:53  Drone  
  89  6:54  Evolution Chamber  
  89  6:56  Overlord  
  89  6:57  Overlord  
  89  7:00  Overlord, Spore Crawler  
  87  7:05  Drone  
  87  7:06  Overlord, Drone x2  
  88  7:10  Zergling x14  
  94  7:16  Zergling x6  
  94  7:17  Zergling x2  
  98  7:22  Hydralisk  
  98  7:23  Hydralisk  
  98  7:24  Grooved Spines  
  98  7:27  Zergling x2  
  102  7:31  Zerg Missile Weapons Level 1, Hatchery  
  102  7:32  Hydralisk x3  
  102  7:36  Hydralisk x2  
  102  7:37  Hydralisk  
  110  7:42  Hydralisk x2  
  115  7:46  Zergling x8  
  115  7:50  Hydralisk x2  
  120  7:51  Zergling x2  
  120  8:04  Baneling x5  
  120  8:05  Hydralisk x5, Baneling x2  
  121  8:09  Zergling x4  
  128  8:16  Zergling x2  
  128  8:17  Zergling x2  
  128  8:18  Overlord  
  128  8:19  Muscular Augments  
  129  8:21  Overlord  
  129  8:25  Overlord  
  126  8:29  Zergling x8  
  126  8:34  Overlord  
  128  8:38  Zergling x2  
  128  8:39  Zergling x6  
  130  8:48  Drone x3  
  130  8:52  Zergling x4  
  134  8:56  Centrifugal Hooks  
  134  8:58  Zergling x4  
  134  8:59  Hydralisk x2, Baneling x8  
  134  9:00  Hydralisk  
  134  9:01  Zerg Melee Weapons Level 2  
  142  9:04  Zergling x6  
  142  9:05  Baneling  
  142  9:06  Baneling x3  
  142  9:09  Spore Crawler  
  144  9:13  Zergling x4  
  144  9:14  Baneling x5  
  137  9:24  Zergling x2  
  137  9:25  Zergling x8  
  138  9:32  Zergling x20  
  142  9:40  Zergling x6  
  135  9:47  Lurker Den  
  135  9:48  Zergling x6, Extractor  
  135  9:49  Infestation Pit  
  135  9:52  Hydralisk x2  
  139  9:55  Drone  
  139  9:56  Drone x10  
  139  9:59  Hydralisk x2  
  154  10:04  Zerg Ground Armor Level 1  
  154  10:05  Zergling x6  
  157  10:09  Hatchery  
  156  10:18  Zergling x8  
  159  10:27  Zergling x18  
  168  10:31  Hive  
  168  10:33  Overlord  
  168  10:34  Overlord  
  168  10:36  Hatchery  
  168  10:37  Extractor  
  168  10:40  Extractor  
  165  10:42  Baneling x4  
  165  10:43  Baneling  
  165  10:44  Overlord x3  
  165  10:50  Overlord  
  165  10:54  Spine Crawler  
  165  10:55  Spine Crawler  
  161  11:09  Zergling x36  
  159  11:19  Hydralisk x4  
  147  11:39  Hydralisk x4  
  149  11:40  Hydralisk  
  149  11:42  Lurker x7  
  149  11:46  Lurker x2  
  149  11:47  Zergling x16  
  168  11:48  Overseer  
  174  11:56  Seismic Spines  
  174  11:58  Drone x2  
  176  12:13  Zergling x32  
  176  12:14  Lurker x2  
  176  12:15  Lurker  
  195  12:16  Lurker  
  195  12:17  Lurker  
  195  12:21  Overseer  
  197  12:28  Hydralisk x2  
  198  12:35  Lurker x2  
  180  12:47  Hydralisk x7  
  179  13:02  Hydralisk x5  
  163  13:20  Zergling x26  
  148  13:37  Lurker x3  
  148  13:38  Zergling x26  
  129  13:58  Hydralisk x4  
  129  13:59  Hydralisk, Zergling x2  
  129  14:00  Zergling x10  
  121  14:20  Queen  
  121  14:22  Spire  
  121  14:23  Hydralisk x6  
  134  14:36  Baneling x12  
  135  14:38  Drone x3  
  135  14:39  Drone x3  
  135  14:41  Extractor x2  
  138  14:48  Spore Crawler  
  138  14:49  Spine Crawler  
  128  14:56  Zergling x20  
Tags
 
Add a new tag
Caveats
  • Supply blocks, unpowered buildings, or Contaminate may cause inaccurate times.
  • Supply counts are checked every 10 seconds.